 Dungeon Crawl Stone Soup version 0.30.0-29-ga12c61a403 (webtiles) character file.

Game seed: 7216291911468318586

70 Descartes the Digger (level 4, -1/30 HPs)
             Began as a Formicid Earth Elementalist on June 21, 2023.
             Killed from afar by Ijyb (11 damage)
             ... with a puff of flame
             ... on level 3 of the Dungeon.
             The game lasted 00:03:53 (2149 turns).

Descartes the Digger (Formicid Earth Elementalist)  Turns: 2149, Time: 00:03:54

Health: -1/30      AC:  3    Str: 15    XL:     4   Next: 44%
Magic:  0/8        EV: 12    Int: 14    God:
Gold:   168        SH:  0    Dex: 14    Spells: 5/8 levels left

rFire   . . .        g - +0 dagger
rCold   . . .        (no shield)
rNeg    . . .        a - +0 robe
rPois   .            (helmet unavailable)
rElec   .            (no cloak)
rCorr   .            o - +0 pair of gloves
SInv    +            (no boots)
Will    .....        (no amulet)
Stlth   ++           (no ring)
HPRegen 0.25/turn    (no ring)
MPRegen 0.11/turn

%: no passive effects
@: no status effects
A: permanent stasis, dig shafts and tunnels, antennae 3, four strong arms
a: Dig, Shaft Self


You were on level 3 of the Dungeon.
You visited 1 branch of the dungeon, and saw 4 of its levels.

You collected 168 gold pieces.

Inventory:

Hand Weapons
 g - a +0 dagger (weapon)
Armour
 a - a +0 robe (worn)
 o - a +0 pair of gloves (worn)
Scrolls
 c - a scroll of magic mapping {unknown}
 d - a scroll of amnesia {unknown}
 e - a scroll of poison {unknown}
 i - a scroll of butterflies {unknown}
 j - 3 scrolls of immolation {unknown}
 k - a scroll of vulnerability {unknown}
 l - a scroll of fear {unknown}
 p - a scroll of fog {unknown}
Potions
 b - a potion of magic
 f - 2 potions of flight {unknown}
 h - 2 potions of attraction {unknown}
 m - a potion of heal wounds {unknown}
 n - a potion of curing {unknown}
 q - a potion of experience {unknown}
 r - a potion of cancellation {unknown}


   Skills:
 + Level 1.6 Armour
 - Level 1.7 Dodging
 - Level 2.4 Stealth
 + Level 2.3 Shields
 + Level 2.9 Spellcasting
 - Level 1.1 Transmutations
 + Level 4.3 Earth Magic


You had 5 spell levels left.
You knew the following spells:

 Your Spells              Type           Power      Damage    Failure   Level
a - Sandblast             Erth           28%        2d8       3%          1
b - Passwall              Tmut/Erth      7%         N/A       11%         2

Your spell library contained the following spells:

 Spells                   Type           Power      Damage    Failure   Level
 Apportation              Tloc           4%         N/A       22%         1
 Necrotise                Necr           8%         1d4       22%         1
 Summon Small Mammal      Summ           8%         N/A       22%         1
 Stone Arrow              Conj/Erth      16%        3d8       26%         3
 Petrify                  Tmut/Erth      9%         N/A       56%         4


Dungeon Overview and Level Annotations

Branches:
Dungeon (4/15)
 Temple: D:4-7

Altars:

Annotations:
D:3 Ijyb


Innate Abilities, Weirdness & Mutations

You cannot be hasted, slowed, berserked, paralysed or teleported.
You can dig through walls and to a lower floor.
You have a pair of large antennae on your head. (SInv)
Your four strong arms can wield two-handed weapons with a shield.


Message History

Confirm with . or Enter, or press ? or * to list all spells.
Aiming: Sandblast (safe; 3% risk of failure)
Press: ? - help, Shift-Dir - straight line, f/p - Ijyb
Aim: Ijyb, wielding a +0 club, wearing a +0 leather armour and carrying a wand of flame (9) (moderately wounded, 77% to hit)
The blast of sand hits Ijyb.
Ijyb is heavily wounded.
Ijyb misses you. Ijyb barely misses you.
Casting: Sandblast (safe; 3% risk of failure)
Confirm with . or Enter, or press ? or * to list all spells.
Aiming: Sandblast (safe; 3% risk of failure)
Press: ? - help, Shift-Dir - straight line, f/p - Ijyb
Aim: Ijyb, wielding a +0 club, wearing a +0 leather armour and carrying a wand of flame (9) (heavily wounded, 77% to hit)
The blast of sand misses Ijyb.
Ijyb barely misses you.
Casting: Sandblast (safe; 3% risk of failure)
Confirm with . or Enter, or press ? or * to list all spells.
Aiming: Sandblast (safe; 3% risk of failure)
Press: ? - help, Shift-Dir - straight line, f/p - Ijyb
Aim: Ijyb, wielding a +0 club, wearing a +0 leather armour and carrying a wand of flame (9) (heavily wounded, 77% to hit)
The blast of sand hits Ijyb!
Ijyb is almost dead.
Ijyb hits you with a +0 club. Ijyb hits you but does no damage.
Casting: Sandblast (safe; 3% risk of failure)
Confirm with . or Enter, or press ? or * to list all spells.
Aiming: Sandblast (safe; 3% risk of failure)
Press: ? - help, Shift-Dir - straight line, f/p - Ijyb
Aim: Ijyb, wielding a +0 club, wearing a +0 leather armour and carrying a wand of flame (9) (almost dead, 77% to hit)
The blast of sand misses Ijyb.
Ijyb zaps a wand.
The puff of flame hits you.
Your magical contamination has completely faded away.
Unknown command.
You closely miss Ijyb.
Ijyb is almost dead.
Ijyb hits you with a +0 club.
* * * LOW HITPOINT WARNING * * *
You closely miss Ijyb.
Ijyb is almost dead.
Ijyb barely misses you.
You closely miss Ijyb.
Ijyb is almost dead.
Ijyb zaps a wand.
The puff of flame hits you!
You die...

...##......##.###...)####....#
...##......+<...........#....####
...##......#####........'.......+
#####......+ .....#.....#....####
#......# ######...###........
######## ####.....#....#...
#....#........# ##
#.#####.##..#...# #@#
#......###+# ......g.......##..#
.....†..##.........
........##...#.#....
........##.....#.##.. ........#
#...# ##. ........# ........#


You could see Ijyb.

Vanquished Creatures
  2 worms
  3 dart slugs
  8 endoplasms
  4 giant cockroaches
  9 goblins
  6 hobgoblins
  2 kobolds (D:1)
  4 ball pythons
  6 bats
  3 frilled lizards
  5 rats
52 creatures vanquished.

Notes
Turn   | Place    | Note
-------+----------+-------------------------------------------
     0 | D:1      | Descartes the Formicid Earth Elementalist began the quest
                  | for the Orb.
     0 | D:1      | Reached XP level 1. HP: 13/13 MP: 3/3
   170 | D:1      | Reached XP level 2. HP: 19/19 MP: 1/5
   303 | D:1      | Reached skill level 1 in Shields
   452 | D:1      | Reached skill level 1 in Armour
   575 | D:1      | Reached XP level 3. HP: 24/24 MP: 4/6
   612 | D:1      | Reached skill level 4 in Earth Magic
  1067 | D:2      | You fall into a shaft and drop 2 floors!
  1263 | D:2      | Reached XP level 4. HP: 21/30 MP: 4/8
  1384 | D:2      | Learned a level 2 spell: Passwall
  2033 | D:3      | Identified the +8 short sword of Objectivity {freeze, rCorr
                  | Str+4}
  2137 | D:3      | Noticed Ijyb
  2149 | D:3      | Killed from afar by Ijyb

Illustrated notes

Levels and vault maps discovered:
D:1:      dpeg_arrival_castle, layout_loops_cross, minivault_25,
          kennysheep_boxes
D:2:      layout_basic, hangedman_abyss_or_decor_lesser_grid
D:3:      layout_basic, gammafunk_temple_overflow_statue, uniq_sigmund,
          uniq_ijyb, uniq_robin, uniq_natasha
D:4:      layout_rooms

Skill      XL: |  1  2  3 |
---------------+----------+-----
Shields        | 1 2 |  2.3
Armour         | 1 |  1.6
Earth Magic    | 4 |  4.3
Dodging        | |  1.7
Stealth        | |  2.4
Spellcasting   | |  2.9
Transmutations | |  1.1

Action                     |  1- 3 |  4- 6 || total
---------------------------+-------+-------++-------
  Melee: Dagger            |       |     3 ||     3
   Cast: Sandblast         |    54 |    29 ||    83
 Armour: Robe              |     2 |     3 ||     5
  Dodge: Dodged            |    19 |     6 ||    25
